 Dungeon Crawl Stone Soup version 0.28.0-53-g5a82cb258f (webtiles) character file.

Game seed: 15627355772930360602

607 Peloso the Covered (level 7, -3/61 HPs)
             Began as a Minotaur Fighter on June 7, 2022.
             Killed by an exploding ball python (35 damage)
             ... ignited by their inner flame
             ... on level 4 of the Dungeon.
             The game lasted 00:04:05 (3283 turns).

Peloso the Covered (Minotaur Fighter)               Turns: 3283, Time: 00:04:06

Health: -3/61      AC:  7    Str: 21    XL:     7   Next: 19%
Magic:  6/6        EV: 10    Int:  5    God:
Gold:   79         SH:  5    Dex: 11    Spells: 6/6 levels left

rFire   . . .      SeeInvis .   a - +0 long sword
rCold   . . .      Faith    .   c - +0 buckler
rNeg    . . .      Spirit   .   b - +0 scale mail
rPois   .          Reflect  .   (helmet restricted)
rElec   .          Harm     .   (no cloak)
rCorr   .          Rampage  .   (no gloves)
Will    .....                   (no boots)
Stlth   ..........              (no amulet)
HPRegen 0.20/turn               (no ring)
MPRegen 0.10/turn               (no ring)

@: no status effects
A: horns 2, retaliatory headbutt
a: no special abilities


You were on level 4 of the Dungeon.
You visited 1 branch of the dungeon, and saw 4 of its levels.

You collected 79 gold pieces.

Inventory:

Hand Weapons
 a - a +0 long sword (weapon)
Armour
 b - a +0 scale mail (worn)
 c - a +0 buckler (worn)
Jewellery
 n - a ring of positive energy
Scrolls
 f - a scroll of immolation
 h - 3 scrolls of identify {unknown}
 i - a scroll of noise {unknown}
 l - a scroll of blinking {unknown}
 m - a scroll of fog {unknown}
 o - a scroll of teleportation {unknown}
Potions
 d - 3 potions of might
 j - a potion of berserk rage {unknown}
 k - 2 potions of heal wounds {unknown}
 p - a potion of degeneration {unknown}


   Skills:
 + Level 5.3 Fighting
 + Level 5.8 Long Blades
 + Level 6.3 Armour
 + Level 1.5 Dodging
 + Level 0.2 Stealth
 + Level 4.7 Shields


You had 6 spell levels left.
You didn't know any spells.
Your spell library contained the following spells:

 Spells                   Type           Power      Damage    Failure   Level
 Animate Skeleton         Necr           0%         N/A       86%         1
 Pain                     Necr           0%         1d4       86%         1
 Sublimation of Blood     Necr           0%         N/A       95%         2
 Vampiric Draining        Necr           0%         2d6       99%         3
 Petrify                  Tmut/Erth      0%         N/A       100%        4
 Alistair's Intoxication  Tmut/Pois      0%         N/A       100%        5
 Borgnjor's Vile Clutch   Necr/Erth      0%         N/A       100%        5
 Irradiate                Conj/Tmut      0%         3d13      100%        5
 Eringya's Noxious Bog    Tmut/Pois      0%         N/A       100%        6


Dungeon Overview and Level Annotations

Branches:
Dungeon (4/15)
 Temple: D:4-7

Altars:
Cheibriados
Elyvilon
Ru
Trog


Innate Abilities, Weirdness & Mutations

You have a pair of horns on your head.
You reflexively headbutt those who attack you in melee.


Message History

Found a cyan potion.
Things that are here:
a +0 dagger; 3 stones; a kobold corpse You now have 69 gold pieces (gained 9).
k - 2 cyan potions (gained 1)
Found a stone staircase leading down.
A kobold comes into view. It is wielding a +0 whip.
A kobold is nearby!
A kobold is nearby!
You slash the kobold!
You kill the kobold!
Things that are here:
a +0 whip; 3 stones; a kobold corpse You now have 79 gold pieces (gained 10).
As you open the door, it creaks loudly!
There is an open door here.
Done exploring.
Done exploring.
Done exploring.
As you read the scroll labelled WUKORO SUOG, it crumbles to dust.
Wisps of shadow whirl around you...
It was a scroll of summoning.
As you read the scroll labelled LIUQAY BE AT YRO, it crumbles to dust.
The creatures around you are filled with an inner flame!
It was a scroll of immolation.
As you read the scroll labelled ITUEDO QUKK, it crumbles to dust.
Your body is wracked with pain!
Your orc convulses!
Flame seeps out of your orc.
Your orc convulses!
Flame seeps out of your orc.
Your ball python convulses!
Flame seeps out of your ball python.
Your dart slug convulses!
Flame seeps out of your dart slug.
It was a scroll of torment.
Your ball python is engulfed in blazing flames.
Your ball python's corpse dissolves into shadows!
Your ball python explodes!
The fiery explosion engulfs you!!
Ouch! That really hurt!
You die...

.#######.####.#
.#.....#......#
##.###.######### ##.#
#.........# ##.#
#########.########### ##.#
#[..........## ...#
#####§§####...## ####
#...o○## ####..##
#.##@#####8###†.##
#.##o#...#_≈§##..#
#.#w....##..§§##.#
#.....####...§≈#.##
###..## #8_..§§'..#
#####...####..§§≈#..#
#####<.)......##.§≈≈##..#
#....#...#.#...#_§≈##...#
##....#.#.#.#####8###..#.#


You could see a friendly dart slug (summoned, inner flame) and 2 friendly orcs.

Vanquished Creatures
  A black bear (D:4)
  A necrophage (D:4)
  A phantom (D:4)
  A water moccasin skeleton (D:4)
  A hound (D:4)
  A gnoll shaman (D:3)
  2 orc priests
  An orc wizard (D:4)
  A hound skeleton (D:4)
  5 gnolls
  4 adders
  2 worms
  A dart slug (D:2)
  5 orcs
  5 endoplasms (D:4)
  3 goblins (D:4)
  11 hobgoblins
  2 quokkas
  3 ball pythons
  2 bats
  3 frilled lizards
  A jackal skeleton (D:4)
  5 kobolds
  5 rats
67 creatures vanquished.

Notes
Turn   | Place    | Note
-------+----------+-------------------------------------------
     0 | D:1      | Peloso the Minotaur Fighter began the quest for the Orb.
     0 | D:1      | Reached XP level 1. HP: 19/19 MP: 0/0
    74 | D:1      | You fall into a shaft and drop 1 floor!
    86 | D:2      | Reached XP level 2. HP: 11/27 MP: 1/1
   332 | D:2      | Found a sacrificial altar of Ru.
   653 | D:2      | Reached skill level 4 in Armour
   855 | D:2      | Reached XP level 3. HP: 33/33 MP: 2/2
  1768 | D:3      | Reached XP level 4. HP: 36/40 MP: 3/3
  1958 | D:4      | Reached skill level 1 in Dodging
  1958 | D:4      | Reached XP level 5. HP: 16/47 MP: 4/4
  2210 | D:3      | Reached skill level 5 in Armour
  2336 | D:4      | Noticed a phantom
  2350 | D:4      | Killed a phantom
  2351 | D:4      | Reached XP level 6. HP: 39/55 MP: 5/5
  2467 | D:4      | Found a snail-covered altar of Cheibriados.
  2581 | D:4      | Found a white marble altar of Elyvilon.
  2582 | D:4      | Found a bloodstained altar of Trog.
  2584 | D:4      | Found a sacrificial altar of Ru.
  2615 | D:4      | Reached skill level 5 in Fighting
  2877 | D:4      | Reached skill level 5 in Long Blades
  2877 | D:4      | Reached skill level 6 in Armour
  2897 | D:4      | Reached XP level 7. HP: 21/61 MP: 6/6
  2913 | D:4      | HP: 3/61 [something/puff of flame (6)]
  3283 | D:4      | Killed by an exploding ball python... ignited by their
                  | inner flame

Illustrated notes

Levels and vault maps discovered:
D:1:      dpeg_arrival_arbitrary_c, layout_loops_ring, serial_rivers,
          chequers_serial_rivers_small_3, chequers_serial_rivers_room_b,
          chequers_serial_rivers_room_a, chequers_serial_rivers_large_b,
          serial_park_tiny_pond
D:2:      layout_basic, basic_altar, grunt_ministairs_10,
          kennysheep_generic_room_10
D:3:      layout_loops_cross, portal_sewer_entry_d
D:4:      layout_basic, cheibrodos_worm_habitat, gammafunk_temple_overflow_claw,
          hangedman_feature_mirror

Skill      XL: |  1  2  3  4  5  6 |
---------------+-------------------+-----
Fighting       | 4 5 |  5.3
Shields        | 4 |  4.7
Armour         | 4 5 6 |  6.3
Long Blades    | 3 4 5 |  5.8
Dodging        | 1 |  1.5
Stealth        | |  0.2

Action                   |  1- 3 |  4- 6 |  7- 9 || total
-------------------------+-------+-------+-------++-------
Melee: Long sword        |   100 |    95 |    15 ||   210
       Headbutt          |    10 |    17 |     1 ||    28
  Use: Scroll            |       |       |     3 ||     3
Armor: Scale mail        |    41 |    48 |     9 ||    98
Dodge: Dodged            |    67 |    56 |     2 ||   125
Block: Buckler           |    19 |    27 |     1 ||    47
